← All builds
Suicide front / Cortex / Economy first / OBSERVED BUILD

Standard suicide front

The role's baseline bot lab opening: secure mexes, push out Thugs, Aggravators and Grunts to contest the middle and hold until T2 arrives.

#rush · 353 distinct matches · 76 players · 67% of Cortex Suicide front games · team won 51% of 366 · Recently observed

HOW TO PLAY IT

Key timing: Bot Lab by 0:34

  1. Take 3 mex, then rush a Bot Lab immediately for early army.
  2. Finish Bot Lab, start pumping Thug, Grunt and Aggravator.
  3. Push units to middle to contest and secure reclaim early.
  4. Add Advanced Metal Extractor to keep economy scaling with the fight.
  5. Hold middle with bots until T2 reinforcements arrive from Geo.

Phase by phase

TYPICAL OF ITS 353 GAMES
  1. 1
  2. 2
  3. 3
PLAY THE OPENING

Follow the example game's first 6:00 step by step: what to build now, what comes next, and where it goes. At 1× it keeps pace with your own game.

  1. 1

    Up to the Bot Lab

    Economy
    • Metal Extractor1Mex
    Order
    1. Bot LabBot Lab after 1 mexdone ~0:34, middle half 0:26–0:44

    By 0:17 in all: 1 mex

    The example game in this phase · 3 steps
    1. Mex
    2. Solar
    3. Bot LabBot Labdone 0:37 · typical 0:34
  2. 2

    Bot Lab to 5:00

    Economy
    • Metal Extractor4Mex
    • Wind Turbine3Wind
    Builders
    • Graverobber4 Graverobber
    • Construction Bot3 Con bot
    Army
    • Guard3 Guard
    • Thug14 Thug
    • Grunt3 Grunt
    • Aggravator2 Aggravator
    Other
    • Radar Tower1 Radar Tower

    By 5:00 in all: 5 mex · 3 wind

    The example game in this phase · 36 steps
    1. GruntGrunt
    2. GraverobberGraverobber
    3. Construction BotCon bot
    4. ThugThug ×2
    5. Mex
    6. ThugThug
    7. GraverobberGraverobber
    8. ThugThug
    9. Mex
    10. ThugThug ×2
    11. Wind
    12. GraverobberGraverobber
    13. ThugThug ×2
    14. Wind
    15. ThugThug
    16. Construction BotCon bot ×2
    17. Wind
    18. Construction BotCon bot
    19. AggravatorAggravator
    20. Wind
    21. AggravatorAggravator ×3
    22. Wind
    23. AggravatorAggravator
    24. Mex
    25. AggravatorAggravator
    26. Wind
    27. AggravatorAggravator
    28. Mex
    29. AggravatorAggravator
    30. Wind
    31. Dragon's TeethDragon's Teeth ×2
    32. AggravatorAggravator
    33. Dragon's TeethDragon's Teeth
    34. Mex
    35. Dragon's TeethDragon's Teeth ×3
    36. Wind
  3. 3

    5:00 to 10:00

    Economy
    • Metal Extractor1Mex
    • Wind Turbine14Wind
    Builders
    • Construction Turret2 Con turret
    • Graverobber2 Graverobber
    • Construction Bot1 Con bot
    Army
    • Guard1 Guard
    • Thug6 Thug
    • Grunt3 Grunt

    Some games also: aggravator (50%) · energy storage (47%) · Radar Tower (44%) · Twin Guard (31%) · converter (30%)

    By 10:00 in all: 6 mex · 18 wind · 1 energy storage · 2 con turret

    The example game in this phase · 112 steps
    1. Dragon's TeethDragon's Teeth
    2. AggravatorAggravator
    3. Dragon's TeethDragon's Teeth ×4
    4. AggravatorAggravator
    5. Dragon's TeethDragon's Teeth ×2
    6. Con turret
    7. AggravatorAggravator
    8. Dragon's TeethDragon's Teeth ×2
    9. AggravatorAggravator ×2
    10. Mex
    11. AggravatorAggravator ×2
    12. Dragon's TeethDragon's Teeth
    13. AggravatorAggravator
    14. Con turret
    15. Radar TowerRadar Tower
    16. AggravatorAggravator ×3
    17. Dragon's TeethDragon's Teeth ×5
    18. Wind
    19. Dragon's TeethDragon's Teeth
    20. Wind ×3
    21. AggravatorAggravator
    22. Wind
    23. Advanced Metal ExtractorT2 mexdone 8:55 · typical 9:42
    24. AggravatorAggravator
    25. GuardGuard
    26. Wind
    27. AggravatorAggravator
    28. GuardGuard
    29. AggravatorAggravator
    30. Wind
    31. AggravatorAggravator
    32. GuardGuard
    33. Mex
    34. Wind
    35. GuardGuard
    36. AggravatorAggravator
    37. Con turret
    38. Advanced Metal ExtractorT2 mex
    39. AggravatorAggravator
    40. Con turret
    41. Mex
    42. AggravatorAggravator ×2
    43. Energy storage
    44. Advanced Metal ExtractorT2 mex
    45. Dragon's TeethDragon's Teeth
    46. GuardGuard ×2
    47. Vehicle PlantVehicle Plantdone 11:22
    48. GuardGuard ×2
    49. PounderPounder
    50. BruteBrute
    51. PounderPounder
    52. Wind
    53. BruteBrute
    54. Wind
    55. Dragon's TeethDragon's Teeth
    56. Wind
    57. Dragon's TeethDragon's Teeth
    58. Wind
    59. Dragon's TeethDragon's Teeth
    60. Construction VehicleCon vehicle
    61. Dragon's TeethDragon's Teeth ×2
    62. Wind ×2
    63. Dragon's TeethDragon's Teeth
    64. Construction VehicleCon vehicle
    65. Dragon's TeethDragon's Teeth
    66. Wind ×2
    67. Dragon's TeethDragon's Teeth ×2
    68. Construction VehicleCon vehicle
    69. Wind ×2
    70. Fortification WallFortification Wall
    71. Dragon's TeethDragon's Teeth
    72. Wind
    73. Dragon's TeethDragon's Teeth
    74. Fortification WallFortification Wall
    75. Wind
    76. Construction VehicleCon vehicle
    77. Wind
    78. Fortification WallFortification Wall
    79. Dragon's TeethDragon's Teeth
    80. Wind
    81. Fortification WallFortification Wall ×2
    82. Construction VehicleCon vehicle
    83. Wind
    84. Fortification WallFortification Wall
    85. Wind
    86. PounderPounder
    87. Wind
    88. Fortification WallFortification Wall
    89. Wind
    90. Fortification WallFortification Wall ×3
    91. Wind ×2
    92. BruteBrute
    93. Fortification WallFortification Wall ×2
    94. Wind
    95. PounderPounder
    96. Wind
    97. BruteBrute
    98. Wind
    99. Dragon's TeethDragon's Teeth
    100. BruteBrute
    101. Dragon's TeethDragon's Teeth
    102. Wind
    103. Dragon's TeethDragon's Teeth
    104. BruteBrute ×3
    105. Advanced Metal ExtractorT2 mex
    106. BruteBrute ×2
    107. ThistleThistle
    108. SAMSAM
    109. BruteBrute ×2
    110. Construction VehicleCon vehicle ×6
    111. Advanced Metal ExtractorT2 mex
    112. BruteBrute ×4

Counts are medians over the build's games: half of them build more, half fewer. The example game is xabre's (48 OS, 24/09/2026); pick another.

Team trades

IN AT LEAST 30% OF ITS GAMES

You hand over

Nothing regular.

You get

  • Tidal Generator4 Tidal from Pondfirst at 0:10 · in 69% of games
  • Advanced Construction Bot1 T2 con bot from Geo or Techfirst at 7:32 · in 57% of games

How it plays out

Typical game of this build, running totals by minute

Metal produced

010k20k
0:005:0010:0015:00

metal

Enemy metal destroyed

05k10k
0:005:0010:0015:00

metal

Own metal lost

05k10k15k
0:005:0010:0015:00

metal

366 games.

Show as table
ByMetal produced: This buildEnemy metal destroyed: This buildOwn metal lost: This build
1:0027300
2:0095600
3:002058191130
4:003151663628
5:00432816971420
6:00553425652380
7:00676835643465
8:00797145054456
9:00923451865453
10:001045058116293
11:001194662887124
12:001361268158150
13:001530674618924
14:001705482219879
15:0018776887210532
WHAT THE NUMBERS SAY

This is the role's baseline aggressive job, winning half its games while both dealing and taking heavy metal losses fighting at middle.

  • + Fastest Bot Lab of any role (0:34), gets units fighting almost immediately.
  • + Destroys 8805 enemy metal by 15:00 through constant middle pressure.
  • − Loses 10461 own metal by 15:00, more than it destroys.
  • − Metal production lags behind other front role at 18297 by 15:00.
THE EXAMPLE YOU ARE READING

xabre

48.2 OS · 24/09/2026

Open source match ↗

47 received units · includes a constructor
1754 metal received · 35085 energy received

Allied construction assistance is unknown. Timings are observations, not a promise of solo reproducibility.

Typical milestones

Bot Lab0:34Middle 50%: 0:26–0:44 · n=362
Advanced Metal Extractor9:42Middle 50%: 8:46–10:57 · n=238

Played most by

_X_59games of this build_Hawkey_34games of this buildGuiTou23games of this buildImmort23games of this buildViltrum22games of this build
Standard suicide front · Cortex Suicide front build order · BAR Build Atlas